 Dungeon Crawl Stone Soup version 0.31-a0-981-geadf994542 (webtiles) character file.

Game seed: 1203473850608372678

264 BinkBink the Trooper (level 6, -11/49 HPs)
             Began as a Merfolk Fighter on Nov 1, 2023.
             Killed from afar by a steam dragon (24 damage)
             ... with a ball of steam
             ... on level 3 of the Dungeon.
             The game lasted 00:03:16 (2653 turns).

BinkBink the Trooper (Merfolk Fighter)              Turns: 2653, Time: 00:03:17

Health: -11/49     AC:  9    Str: 17    XL:     6   Next: 19%
Magic:  6/6        EV: 10    Int:  7    God:
Gold:   184        SH:  5    Dex: 15    Spells: 5/5 levels left

rFire   . . .        a - +0 rapier
rCold   . . .        c - +0 buckler
rNeg    . . .        b - +0 scale mail
rPois   .            m - +2 hat
rElec   .            (no cloak)
rCorr   .            p - +0 pair of gloves
SInv    .            (no boots)
Will    .....        (no amulet) Stlth
                     (no ring)
HPRegen 0.28/turn    (no ring)
MPRegen 0.10/turn

%: no passive effects
@: mighty
A: (nimble swimmer 2), mertail
a: no special abilities


You were on level 3 of the Dungeon.
You visited 1 branch of the dungeon, and saw 4 of its levels.

You collected 184 gold pieces.

Inventory:

Hand Weapons
 a - a +0 rapier (weapon)
Armour
 b - a +0 scale mail (worn)
 c - a +0 buckler (worn)
 m - a +2 hat (worn)
 p - a +0 pair of gloves (worn)
Jewellery
 q - a ring of ice
 s - a ring of wizardry
Scrolls
 f - a scroll of vulnerability {unknown}
 g - a scroll of brand weapon {unknown}
 i - 2 scrolls of fear {unknown}
 j - 2 scrolls of teleportation {unknown}
 o - 2 scrolls of identify {unknown}
 r - 2 scrolls of blinking {unknown}
 v - a scroll of torment {unknown}
 w - a scroll of revelation {unknown}
Potions
 e - a potion of ambrosia {unknown}
 h - a potion of lignification {unknown}
 k - 2 potions of invisibility {unknown}
 l - a potion of mutation {unknown}
 n - a potion of magic {unknown}
 t - a potion of cancellation {unknown}
 u - a potion of attraction {unknown}


   Skills:
 + Level 4.6 Fighting
 + Level 4.4 Short Blades
 - Level 2.1 Armour
 + Level 3.6 Dodging
 + Level 4.1 Shields


You had 5 spell levels left.
You didn't know any spells.
Your spell library contained the following spells:

 Spells                   Type           Power      Damage    Failure   Level
 Slow                     Hex            0%         N/A       90%         1
 Confusing Touch          Hex            0%         N/A       99%         3
 Sigil of Binding         Hex            0%         N/A       99%         3
 Vampiric Draining        Necr           0%         2d6       99%         3


Dungeon Overview and Level Annotations

Branches:
Dungeon (4/15)
 Temple: D:4-7

Altars:
Zin


Innate Abilities, Weirdness & Mutations

((You are very nimble when in or above water. (Stealth+, EV+, Speed+++)))
Your lower body shifts to a powerful aquatic tail in water.


Message History

You climb upwards.
There is a stone staircase leading down here.
You hit the steam dragon.
The steam dragon is lightly wounded.
The steam dragon breathes steam at you. The ball of steam hits you!
The kobold barely misses you.
You hit the steam dragon.
The steam dragon is lightly wounded.
You are engulfed in a cloud of scalding steam.
The steam dragon bites you.
The steam dragon claws you but does no damage.
The kobold hits you but does no damage.
You hit the steam dragon.
The steam dragon is moderately wounded.
The steam dragon barely misses you. You block the steam dragon's attack.
The kobold barely misses you.
You feel very mighty all of a sudden. You block the steam dragon's attack.
The steam dragon claws you but does no damage.
The kobold closely misses you.
You hit the steam dragon but do no damage.
The steam dragon is moderately wounded.
You block the steam dragon's attack.
The steam dragon claws you but does no damage.
The kobold hits you but does no damage.
You closely miss the steam dragon.
The steam dragon is moderately wounded.
The steam dragon bites you!
* * * LOW HITPOINT WARNING * * *
The steam dragon closely misses you. You block the kobold's attack.
You completely miss the steam dragon.
The steam dragon is moderately wounded.
You block the steam dragon's attack. The steam dragon claws you.
* * * LOW HITPOINT WARNING * * *
The kobold closely misses you.
You barely miss the steam dragon.
The steam dragon is moderately wounded.
The steam dragon breathes steam at you. The ball of steam hits you!!
You die...

...####.#.#.....#########
##.# ###.....#..#
#####.###รท.....#
#####.#....#....#
...######.#...#.## ####
###.#..#....#
#).#........#
###.......DK# #####.#..@#
#### ###.....|...# ...#
#|.#........# ...#
###)#..#....#
...######.#...#..#
...##.#....#....##
...###.###......# ...#
###.....#..#
...####.#.#.....#


You could see a steam dragon (catching breath) and a kobold.

Vanquished Creatures
  A scorpion (D:3)
  Jessica (D:2)
  An iguana (D:2)
  7 adders
  A worm (D:3)
  2 dart slugs
  11 orcs (D:3)
  3 endoplasms
  2 giant cockroaches
  7 goblins
  5 hobgoblins
  5 jackals
  6 kobolds
  2 quokkas (D:2)
  9 ball pythons
  4 bats
  5 frilled lizards
  4 rats
76 creatures vanquished.

Notes
Turn   | Place    | Note
-------+----------+-------------------------------------------
     0 | D:1      | BinkBink the Merfolk Fighter began the quest for the Orb.
     0 | D:1      | Reached XP level 1. HP: 18/18 MP: 1/1
   301 | D:1      | Reached XP level 2. HP: 22/24 MP: 2/2
   447 | D:1      | Reached skill level 1 in Dodging
  1112 | D:2      | Reached XP level 3. HP: 24/30 MP: 3/3
  1231 | D:2      | Noticed Jessica
  1244 | D:2      | Killed Jessica
  1302 | D:2      | Reached XP level 4. HP: 37/37 MP: 4/4
  1310 | D:2      | Found a glowing silver altar of Zin.
  1376 | D:2      | Noticed a shining eye
  1379 | D:2      | Found a faded altar of an unknown god.
  1381 | D:2      | Noticed an eye of devastation
  1381 | D:2      | Noticed a golden eye
  1381 | D:2      | Noticed a great orb of eyes
  1938 | D:3      | Reached XP level 5. HP: 34/42 MP: 5/5
  2555 | D:4      | Noticed an ogre
  2555 | D:4      | Noticed a black bear
  2583 | D:3      | Reached XP level 6. HP: 49/49 MP: 6/6
  2639 | D:4      | Noticed a steam dragon
  2653 | D:3      | Killed from afar by a steam dragon

Illustrated notes

Levels and vault maps discovered:
D:1:      dpeg_arrival_short_road, layout_loops_corners, serial_forest,
          infiniplex_forest_lined_1, infiniplex_forest_straight_2,
          infiniplex_forest_end_2, infiniplex_forest_lined_2,
          infiniplex_forest_end_1, infiniplex_forest_corner_2,
          infiniplex_forest_clump_medium, infiniplex_forest_lined_3
D:2:      layout_rooms, basic_altar, hellmonk_ecumenical_altar_watching_god,
          uniq_jessica
D:3:      layout_rooms, minmay_increasing_density
D:4:      layout_basic, nicolae_uskayaw_en_pointe,
          mainiacjoe_overflow_boulevard, nicolae_overflow_hidden_temple,
          temple_pool_b

Skill      XL: |  1  2  3  4  5 |
---------------+----------------+-----
Dodging        | 1 2 3 |  3.6
Short Blades   | 3 4 |  4.4
Fighting       | 4 |  4.6
Shields        | 4 |  4.1
Armour         | |  2.1

Action                     |  1- 3 |  4- 6 || total
---------------------------+-------+-------++-------
  Melee: Rapier            |   112 |   232 ||   344
    Use: Potion            |       |     1 ||     1
 Armour: Scale mail        |    83 |   145 ||   228
  Dodge: Dodged            |    49 |   100 ||   149
  Block: Buckler           |    23 |    68 ||    91

Table legend: (Time is in decaauts)
 A = Elapsed time spent in this place.
 B = Non-inter-level travel time spent in this place.
 C = Inter-level travel time spent in this place.
 D = Time resting spent in this place.
 E = Time spent auto-exploring this place.
 F = Levels seen in this place.
 G = Mean time per level.
                   A        B        C        D        E       F      G
               +--------+--------+--------+--------+--------+-----+--------+
         Total |   2674 |   2520 |    154 |     78 |   1851 |   4 |  668.5 |
       Dungeon |   2674 |   2520 |    154 |     78 |   1851 |   4 |  668.5 |
               +--------+--------+--------+--------+--------+-----+--------+

Top non-repeatable levels by time:
     D:1: 1086 daAuts
     D:3: 791 daAuts
     D:2: 770 daAuts
     D:4: 26 daAuts
